 Dungeon Crawl Stone Soup version 0.31-a0-810-ga77100ea1a (webtiles) character file.

Game seed: 18101471242996017746

656398 Age the Conqueror (level 27, -5/301 (302) HPs)
             Began as a Minotaur Fighter on Sept 22, 2023.
             Was an Initiate of Gozag.
             Killed from afar by an orb of fire (26 damage)
             ... with a bolt of fire
             ... on level 5 of the Realm of Zot.
             The game lasted 06:01:20 (79649 turns).

Age the Conqueror (Minotaur Fighter)               Turns: 79649, Time: 06:01:21

HP:   -5/301 (302)  AC: 52    Str: 46    XL:     27
MP:   0/22          EV: 21    Int:  8    God:    Gozag
Gold: 13978         SH: 24    Dex: 12    Spells: 26/26 levels left

rFire   + . .        D - +8 broad axe (heavy)
rCold   + + +        W - +1 tower shield {reflect}
rNeg    . . .        b - +11 crystal plate armour
rPois   +            (helmet restricted)
rElec   +            A - scarf "Goaran" {+Inv, Str+7 Int+3}
rCorr   +            t - +1 pair of gloves of Ekyluen {rElec Regen+ Int+3}
SInv    +            j - +3 pair of mountain boots {steadfast, rC+}
Will    ++++.        M - amulet "Humiom" {Spirit +Blink Regen+ Int+3 Stlth+} Stlth
                     N - ring of the Octopus King {rCorr HP+2 AC+2 EV+2 SH+2}
HPRegen 2.30/turn    V - ring of Wokkiriu {rPois Will++ Str+6 Int-4 SInv}
MPRegen 0.18/turn

%: random rage (9%), reflection, guardian spirit
@: about to teleport, resistant, marked, gold aura, hasted, lightly drained,
invisible, very quick
A: horns 2, retaliatory headbutt, berserk 2, cold resistance 1, dopey 1, robust
1
}: 4/15 runes: decaying, serpentine, slimy, silver
a: Renounce Religion, Evoke Blink, Evoke Invisibility, Potion Petition, Call
Merchant, Bribe Branch


You were on level 5 of the Realm of Zot.
You worshipped Gozag.
Gozag was extremely pleased with you.
You visited 12 branches of the dungeon, and saw 56 of its levels.
You also visited: Sewer, Bailey and Gauntlet.

You collected 32374 gold pieces.
You spent 8111 gold pieces at shops.
You paid 10285 gold pieces to Gozag.

Inventory:

Hand Weapons
 y - the +3 greatsling "Punk" {acid, rCorr}
   (You found it on level 5 of the Pits of Slime)

   rCorr:     It protects you from acid and corrosion.
 D - a +8 heavy broad axe (weapon)
 G - the +8 storm bow {elec, penet}
   (You found it on level 3 of the Depths)
Missiles
 a - 17 datura-tipped darts
 g - 15 javelins
 l - 69 poisoned darts
 w - 6 curare-tipped darts
 H - 3 throwing nets
 Q - 15 atropa-tipped darts
 S - 364 stones
 X - 21 boomerangs (quivered)
Armour
 b - a +11 crystal plate armour (worn)
 h - the +0 pair of gloves of Incorporation {rF+ Dex+2}
   (You found it on level 3 of the Swamp)

   Dex+2:     It affects your dexterity (+2).
   rF+:       It protects you from fire.
 j - the +3 pair of mountain boots (worn) {steadfast, rC+}
   (You bought it in a shop on level 12 of the Dungeon)

   Steadfast: It prevents involuntary movement, except for blinking,
   teleportation, or banishment.
   rC+:       It protects you from cold.
 t - the +1 pair of gloves of Ekyluen (worn) {rElec Regen+ Int+3}
   (You found it on level 3 of the Vaults)

   Int+3:     It affects your intelligence (+3).
   rElec:     It insulates you from electricity.
   Regen+:    It increases your rate of health regeneration.
 x - the +4 dragonskin cloak
   (You took it off Tiamat on level 3 of the Realm of Zot)

   Avatar's Aegis: It grants the wearer a chance to resist fire, cold, poison,
   electricity, acid, and negative energy.
 A - the scarf "Goaran" (worn) {+Inv, Str+7 Int+3}
   (You found it on level 3 of the Elven Halls)

   Str+7:     It affects your strength (+7).
   Int+3:     It affects your intelligence (+3).
 W - a +1 tower shield of reflection (worn)
Jewellery
 c - the ring of Xom's Amusement {Wiz rF- Str+5 Slay+2}
   (You took it off a tengu reaver on level 2 of the Depths)

   [ring of wizardry]

   Wiz:       It improves your spell success rate.
   Str+5:     It affects your strength (+5).
   Slay+2:    It affects your accuracy & damage with ranged weapons and melee
   (+2).
   rF-:       It makes you vulnerable to fire.
 e - the ring of Disaster {Fly rN+ Dex+4}
   (You took it off a guardian mummy on level 3 of the Crypt)

   [ring of positive energy]

   Dex+4:     It affects your dexterity (+4).
   rN+:       It protects you from negative energy.
   Fly:       It grants you flight.
 v - the ring "Moegiecu" {rElec rC- rN+ Will+++}
   (You took it off a guardian mummy on level 3 of the Crypt)

   [ring of positive energy]

   rC-:       It makes you vulnerable to cold.
   rElec:     It insulates you from electricity.
   rN+:       It protects you from negative energy.
   Will+++:   It greatly increases your willpower.
 z - the ring "Ufoxty" {rPois Will+ Str+4 Dex+2}
   (You bought it in a shop on level 4 of the Snake Pit)

   [ring of willpower]

   Str+4:     It affects your strength (+4).
   Dex+2:     It affects your dexterity (+2).
   rPois:     It protects you from poison Will+: It increases your willpower.
 M - the amulet "Humiom" (around neck) {Spirit +Blink Regen+ Int+3 Stlth+}
   (You bought it in a shop on level 7 of the Dungeon)

   [amulet of guardian spirit]

   Spirit:    It causes incoming damage to be divided between your reserves of
   health and magic.
   Int+3:     It affects your intelligence (+3).
   +Blink:    It lets you blink.
   Regen+:    It increases your rate of health regeneration.
   Stlth+:    It makes you more stealthy.
 N - a ring of the Octopus King (left hand) {rCorr HP+2 AC+2 EV+2 SH+2}
   (You took it off a tengu warrior on level 2 of the Depths)

   [ring of resist corrosion]

   AC+2:      It affects your AC (+2).
   EV+2:      It affects your evasion (+2).
   HP+2:      It affects your health (+2).
   rCorr:     It protects you from acid and corrosion.
   SH+2:      It affects your SH (+2).
 V - the ring of Wokkiriu (right hand) {rPois Will++ Str+6 Int-4 SInv}
   (You found it on level 1 of the Swamp)

   [ring of strength]

   Str+6:     It affects your strength (+6).
   Int-4:     It affects your intelligence (-4).
   rPois:     It protects you from poison Will++: It greatly increases your
   willpower.
   SInv:      It lets you see invisible.
Wands
 C - a wand of digging (24)
 E - a wand of acid (23)
 I - a wand of charming (45)
 J - a wand of flame (139)
 L - a wand of mindburst (78)
 O - a wand of polymorph (48)
 P - a wand of iceblast (117)
Scrolls
 f - 4 scrolls of revelation
 i - 4 scrolls of fear
 m - 14 scrolls of fog
 q - 11 scrolls of teleportation
 u - 8 scrolls of poison
 K - 2 scrolls of silence
Potions
 d - 3 potions of might
 k - 9 potions of magic
 n - 22 potions of curing
 o - 4 potions of berserk rage
 p - 6 potions of resistance
 r - 6 potions of mutation
 s - 2 potions of cancellation
 B - 9 potions of ambrosia
 U - 8 potions of invisibility
 Y - a potion of heal wounds
Miscellaneous
 Z - a phantom mirror (inert)


   Skills:
 O Level 27 Fighting
 - Level 18.0 Axes
 - Level 14.4 Throwing
 O Level 27 Armour
 O Level 27 Dodging
 + Level 21.6 Shields
 - Level 12.4 Evocations


You had 26 spell levels left.
You didn't know any spells.
Your spell library contained the following spells:

 Spells                   Type           Power      Damage    Failure   Level
 Apportation              Tloc           0%         N/A       86%         1
 Foxfire                  Conj/Fire      0%         2x1d4     86%         1
 Freeze                   Ice            0%         1d3       86%         1
 Kiss of Death            Conj/Necr      0%         2d5       86%         1
 Magic Dart               Conj           0%         1d3       86%         1
 Necrotise                Necr           0%         1d4       86%         1
 Summon Small Mammal      Summ           0%         N/A       86%         1
 Blink                    Tloc           0%         N/A       94%         2
 Call Imp                 Summ           0%         N/A       94%         2
 Cigotuvi's Dreadful Rot  Necr/Pois/Air  0%         N/A       94%         2
 Ensorcelled Hibernation  Hex/Ice        0%         N/A       94%         2
 Jinxbite                 Hex            0%         N/A       94%         2
 Lesser Beckoning         Tloc           0%         N/A       94%         2
 Momentum Strike          Conj/Tloc      0%         3d8       94%         2
 Passwall                 Tmut/Erth      0%         N/A       94%         2
 Searing Ray              Conj           0%         2d4       94%         2
 Static Discharge         Conj/Air       0%         2-2/arc   94%         2
 Sublimation of Blood     Necr           0%         N/A       94%         2
 Wereblood                Tmut           0%         N/A       94%         2
 Call Canine Familiar     Summ           0%         N/A       99%         3
 Dazzling Flash           Conj/Hex       0%         N/A       99%         3
 Frozen Ramparts          Ice            0%         1d1       99%         3
 Gell's Gravitas          Tloc           0%         N/A       99%         3
 Inner Flame              Hex/Fire       0%         N/A       99%         3
 Mephitic Cloud           Conj/Pois/Air  0%         N/A       99%         3
 Ozocubu's Armour         Ice            0%         N/A       99%         3
 Sigil of Binding         Hex            0%         N/A       99%         3
 Stone Arrow              Conj/Erth      0%         3d7       99%         3
 Summon Guardian Golem    Hex/Summ       0%         N/A       99%         3
 Swiftness                Air            0%         N/A       99%         3
 Teleport Other           Tloc           0%         N/A       99%         3
 Tukima's Dance           Hex            0%         N/A       99%         3
 Vampiric Draining        Necr           0%         2d6       99%         3
 Airstrike                Air            0%         2d(0-16)  100%        4
 Anguish                  Hex/Necr       0%         N/A       100%        4
 Animate Armour           Summ/Erth      0%         N/A       100%        4
 Cause Fear               Hex            0%         N/A       100%        4
 Dimensional Bullseye     Hex/Tloc       0%         N/A       100%        4
 Dispel Undead            Necr           0%         3d6       100%        4
 Flame Wave               Conj/Fire      0%         2d4       100%        4
 Fulminant Prism          Conj/Hex       0%         3d5       100%        4
 Iskenderun's Mystic Bla  Conj/Tloc      0%         2d3       100%        4
 Leda's Liquefaction      Hex/Erth       0%         N/A       100%        4
 Manifold Assault         Tloc           0%         N/A       100%        4
 Olgreb's Toxic Radiance  Pois           0%         N/A       100%        4
 Passage of Golubria      Tloc           0%         N/A       100%        4
 Petrify                  Tmut/Erth      0%         N/A       100%        4
 Sticky Flame             Conj/Fire      0%         2d3       100%        4
 Summon Ice Beast         Ice/Summ       0%         N/A       100%        4
 Summon Lightning Spire   Summ/Air       0%         N/A       100%        4
 Vhi's Electric Charge    Tloc/Air       0%         N/A       100%        4
 Alistair's Intoxication  Tmut/Pois      0%         N/A       100%        5
 Arcjolt                  Conj/Air       0%         1d10      100%        5
 Borgnjor's Vile Clutch   Necr/Erth      0%         N/A       100%        5
 Fireball                 Conj/Fire      0%         3d3       100%        5
 Irradiate                Conj/Tmut      0%         3d11      100%        5
 Lee's Rapid Deconstruct  Erth           0%         3d4*      100%        5
 Metabolic Englaciation   Hex/Ice        0%         N/A       100%        5
 Silence                  Hex/Air        0%         N/A       100%        5
 Summon Forest            Summ/Tloc      0%         N/A       100%        5
 Summon Mana Viper        Hex/Summ       0%         N/A       100%        5
 Yara's Violent Unravell  Hex/Tmut       0%         3d3       100%        5
 Death Channel            Necr           0%         N/A       100%        6
 Dispersal                Tloc           0%         N/A       100%        6
 Eringya's Noxious Bog    Tmut/Pois      0%         4d6       100%        6
 Leda's Unmaking          Conj/Erth      0%         9d1       100%        6
 Plasma Beam              Fire/Air       0%         2x1d10    100%        6
 Enfeeble                 Hex            0%         N/A       100%        7
 Haunt                    Necr/Summ      0%         N/A       100%        7
 Malign Gateway           Summ/Tloc      0%         N/A       100%        7
 Monstrous Menagerie      Summ           0%         N/A       100%        7
 Orb of Destruction       Conj           0%         9d5       100%        7
 Ozocubu's Refrigeration  Ice            0%         4d7       100%        7
 Spellforged Servitor     Conj/Summ      0%         N/A       100%        7
 Summon Hydra             Summ           0%         N/A       100%        7
 Borgnjor's Revivificati  Necr           0%         N/A       100%        8
 Discord                  Hex            0%         N/A       100%        8
 Ignition                 Fire           0%         3d3       100%        8
 Infestation              Necr           0%         N/A       100%        8
 Lehudib's Crystal Spear  Conj/Erth      0%         10d2      100%        8
 Summon Horrible Things   Summ           0%         N/A       100%        8
 Death's Door             Necr           0%         N/A       100%        9
 Dragon's Call            Summ           0%         N/A       100%        9
 Fire Storm               Conj/Fire      0%         5d1       100%        9
 Animate Dead             Necr           Unusable   N/A       N/A         4
 Simulacrum               Ice/Necr       Unusable   N/A       N/A         6

Dungeon Overview and Level Annotations

Branches:
Dungeon (15/15)            Temple (1/1) D:5            Lair (5/5) D:11
  Swamp (4/4) Lair:2        Snake (4/4) Lair:2        Slime (5/5) Lair:4
    Orc (2/2) D:12            Elf (3/3) Orc:2        Vaults (5/5) D:13
  Crypt (3/3) Vaults:3       Tomb (0/3) Crypt:3      Depths (4/4) D:15
    Zot (5/5) Depths:4      Sewer (visited)          Bailey (visited)
Gauntlet (visited)

Altars:
Ashenzari
Cheibriados
Dithmenos
Elyvilon
Fedhas
Gozag
Hepliaklqana
Kikubaaqudgha
Makhleb
Nemelex Xobeh
Okawaru
Qazlal
Ru
Sif Muna
Trog
Uskayaw
Vehumet
Wu Jian
Xom
Yredelemnul
Zin
The Shining One

Shops:
D:3 *   D:5 *   D:7 =?*!   D:10 ?   D:12 [(   D:13 (:(*(   D:14 =   Orc:2 :(?*
Elf:1 ?:   Lair:2 [   Snake:4 :*?   Vaults:3 [   Vaults:4 =!*   Vaults:5 *
Crypt:2 (   Depths:1 ?   Depths:4 =:::

Portals:
Hell: Depths:1 Depths:2 Depths:3 Depths:4
Abyss: Elf:1 Depths:3
Pandemonium: Orc:2 Depths:2
Ziggurat: Depths:2
Trove: Vaults:4 (give +4 ice dragon scales)

Annotations:
D:9 1 runed translucent door, Skeral's ghost, novice OpSh
D:12 2 transporters
Snake:1 2 transporters
Elf:1 2 transporters, avis's ghost, journeyman FeSh


Innate Abilities, Weirdness & Mutations

You have a pair of horns on your head.
You reflexively headbutt those who attack you in melee.
You have an uncontrollable temper.
Your flesh is cold resistant. (rC+)
You are dopey. (Int -2)
You are robust. (+10% HP)


Message History

The Orb Guardian looks frightened!
The Orb Guardian resists with almost no effort.
The tentacled monstrosity resists with almost no effort.
The Orb Guardian is no longer distracted by gold.
The electric golem is no longer distracted by gold.
The Orb Guardian is distracted by your dazzling golden aura.
The Orb Guardian disappears!
The ancient lich is distracted by your dazzling golden aura.
The ancient lich misses you.
The balrug is distracted by your dazzling golden aura.
An Orb Guardian comes into view.
As you read the scroll of summoning, it crumbles to dust.
Wisps of shadow whirl around you...
The Orb Guardian rages.
The electric golem crackles and sizzles.
The moth of wrath disappears!
The Orb Guardian is distracted by your dazzling golden aura.
An Orb Guardian comes into view.
The ancient lich disappears!
You swap places.
The Orb Guardian is distracted by your dazzling golden aura.
The orb of fire emits a lurid red light.
The bolt of fire hits your purple draconian shifter!!!!
The bolt of fire hits you!!! You resist.
* * * LOW HITPOINT WARNING * * *
The Orb Guardian is distracted by your dazzling golden aura.
The Orb Guardian rages.
The ancient lich touches your purple draconian shifter!
The ancient lich shouts!
Okay, then.
You feel much better.
The balrug shouts!
The ancient lich is no longer distracted by gold.
The orb of fire glows yellow.
The bolt of fire hits your purple draconian shifter!!!
Your purple draconian shifter dies!
Your purple draconian shifter's corpse dissolves into shadows!
The bolt of fire hits you!! You resist.
You die...
Your body crumbles into a pile of gold.

#######......###.#...#)
#.....#......# ###.#.))
#..#..##...##########).
#.#....##.##...#.##.##.
###................##..
###.........#.......#
#.........#..#.##..
################▓▓▓▓########.
##.......XLL.@y.## #........
##........91*§qD..## ##.......
##..........XL.d^d..## #.......
#...........L.q..d...# ##......
#....d....X1...dX.^..# #......
#.........2..........# ##......
#....1$1XXXL(........# #.......
#...L.$X2.X......X...# ##....^..
#....X$.......§......###........


You could see an orb of fire (ally target), a Hell Sentinel (summoned), an
electric golem, a tentacled monstrosity, 3 ancient liches, 2 dread liches, an
Ice Fiend (summoned), 8 Orb Guardians, a balrug (summoned), a shadow demon
(summoned, fleeing), a friendly storm dragon (summoned), a friendly black
draconian (summoned), 2 friendly draconians, a friendly red draconian
(summoned), a friendly yellow draconian annihilator (summoned), a friendly red
draconian scorcher (summoned) and a friendly moth of wrath (summoned).

Vanquished Creatures
  the Royal Jelly (Slime:5)
  An ancient lich (Vaults:5)
  A dread lich (Zot:5)
  Tiamat (Zot:3)
  Khufu (Crypt:3)
  2 juggernauts (Depths:2)
  A juggernaut (shapeshifter) (Vaults:5)
  Josephina (Depths:2)
  Vv (Vaults:3)
  Bai Suzhen (Swamp:3)
  2 Killer Klowns (Zot:5)
  Saint Roka (Vaults:3)
  Xtahua (Vaults:2)
  The ghost of Pakoimuu the Executioner, a veteran FoFi of Dithmenos (Crypt:1)
  A profane servitor (Crypt:3)
  10 golden dragons
  A bone dragon (Crypt:3)
  An electric golem (Zot:2)
  Rupert (D:13)
  A hellephant (Depths:3)
  A walking crystal tome (Depths:2)
  14 tentacled monstrosities
  Mlioglotl (Swamp:3)
  4 liches
  A walking earthen tome (Depths:3)
  Asterion (Elf:2)
  A walking divine tome (Depths:2)
  7 Orb Guardians (Zot:5)
  2 deep elf blademasters (Elf:3)
  5 titans
  3 deep elf master archers (Elf:3)
  15 acid blobs
  7 quicksilver dragons
  7 sphinxes
  3 death cobs
  4 ancient champions
  Agnes (Elf:2)
  9 storm dragons
  Kirke (Lair:2)
  12 shadow dragons
  2 thorn hunters
  2 tengu reavers
  Donald (Vaults:3)
  4 draconian monks
  8 fire giants
  Aizul (Snake:4)
  8 azure jellies
  4 nagarajas
  13 rockslimes
  10 draconian knights
  4 revenants
  10 deep elf sorcerers
  16 vault wardens
  3 draconian scorchers
  8 frost giants
  2 iron dragons
  A ghost moth (Zot:4)
  6 draconian shifters
  2 deep elf elementalists
  The ghost of javelincjr the Black Belt, a journeyman HuSh of Qazlal (Swamp:1)
  The ghost of Feumiesk the Spry, an adept FeEE of Gozag (Swamp:4)
  A reaper (Crypt:2)
  18 ghouls
  An orc warlord (Bailey)
  The ghost of quakins the Warrior, a journeyman DEHs of Jiyva (Swamp:1)
  5 draconian stormcallers
  4 draconian annihilators
  5 war gargoyles
  9 quicksilver oozes
  Louise (Depths:3)
  19 ironbound preservers
  A spriggan defender (Depths:2)
  5 formless jellyfish
  The ghost of knightboat the Markself, a journeyman DEHs of Dithmenos (Swamp:1)
  2 caustic shrike skeletons
  18 stone giants
  6 very ugly things
  7 ironbound thunderhulks
  9 deep elf demonologists
  9 green draconians
  11 vampire knights
  3 eleionomae
  6 dire elephants
  8 white draconians
  9 black draconians
  7 yellow draconians
  19 spark wasps
  8 purple draconians
  10 deep elf annihilators
  A minotaur (Gauntlet)
  4 red draconians
  Snorg (Orc:1)
  4 eidola
  16 jiangshi
  3 mummy priests
  11 deep elf high priests
  12 deep elf death magi
  8 fire dragons
  17 yaktaur captains
  13 ettins
  8 great orbs of eyes
  A shambling mangrove (Swamp:4)
  3 entropy weavers (Vaults:4)
  2 spriggan skeletons (Crypt:2)
  5 salamander tyrants
  A fenstrider witch zombie (Crypt:2)
  2 rakshasas
  3 spriggan air magi
  27 vault guards
  A catoblepas (shapeshifter) (Depths:2)
  9 ice dragons
  4 peacekeepers
  2 ghost crabs
  18 hydras
  4 catoblepae
  12 anacondas
  7 ironbound frosthearts
  A demonspawn (Orc:2)
  4 alligators
  6 death knights
  15 centaur warriors
  3 ogre magi (Vaults:5)
  A two-headed ogre (D:13)
  A caustic shrike simulacrum (Depths:2)
  A two-headed ogre (shapeshifter) (Depths:2)
  A boulder beetle (Vaults:3)
  30 dancing weapons
  4 tengu warriors
  6 orc high priests (Orc:2)
  2 vampire magi (Crypt:2)
  5 death yaks (Lair:5)
  10 hell hogs (Depths:3)
  5 deep troll earth magi
  19 naga warriors
  6 deep troll shamans
  A storm dragon zombie (Crypt:2)
  9 shock serpents
  Urug (Lair:2)
  19 hell knights
  5 spriggan berserkers
  25 deep elf knights
  15 naga sharpshooters
  3 soul eaters (Crypt:2)
  Nergalle (Lair:1)
  Sonja (Lair:5)
  A titan skeleton (Depths:3)
  A skyshark (Lair:2)
  41 skeletal warriors
  7 shadow wraiths
  6 iron trolls
  12 salamander mystics
  A sixfirhy (Orc:2)
  Lodul (D:13)
  3 glowing orange brains
  38 deep trolls
  8 swamp dragons (Swamp:4)
  6 spriggan druids
  16 bog bodies
  6 goliath frogs
  2 bunyip skeletons (Crypt:2)
  10 phantasmal warriors
  11 flayed ghosts
  A death drake (Swamp:3)
  4 naga ritualists
  25 ironbound convokers
  A shadow dragon zombie (D:15)
  11 necromancers
  4 wizards
  A harpy (Vaults:3)
  5 orc knights
  13 lindwurms
  13 deep elf archers
  33 deep elf zephyrmancers
  A frost giant zombie (D:15)
  37 deep elf pyromancers
  10 mana vipers
  39 ugly things
  7 orc sorcerers
  A wolf spider (Vaults:5)
  6 will-o-the-wisps
  3 shining eyes
  A stone giant zombie (Vaults:1)
  An iron dragon zombie (Depths:3)
  A tengu skeleton (D:15)
  3 manticores
  18 salamanders
  An oklob plant (D:11)
  27 elephants
  A spectral centaur (Crypt:3)
  11 cyclopes
  2 large abominations (Gauntlet)
  Joseph (D:10)
  13 moths of wrath
  A dire elephant zombie (Crypt:2)
  14 naga magi
  24 black mambas
  2 eyes of devastation
  A rust devil (Orc:2)
  A torpor snail (Lair:5)
  A smoke demon (Orc:2)
  14 vault sentinels
  An orange demon (Orc:2)
  11 guardian serpents
  16 cane toads
  A torpor snail (shapeshifter) (D:13)
  2 spriggan zombies
  5 rime drakes
  33 yaktaurs
  14 komodo dragons
  A kobold demonologist (D:11)
  7 guardian mummies (Crypt:3)
  3 freezing wraiths (Crypt:3)
  A tengu conjurer (Depths:1)
  5 trolls
  A yellow draconian skeleton (Crypt:1)
  A harpy zombie (Crypt:2)
  A queen bee (D:15)
  13 meliai
  5 tyrant leeches
  4 hornets
  A polar bear (Lair:4)
  A hellwing (Orc:2)
  3 ettin zombies
  40 blink frogs
  8 dream sheep
  A fire giant simulacrum (Depths:1)
  A frost giant simulacrum (Depths:2)
  118 slime creatures
  54 flying skulls
  A shadow (Crypt:3)
  21 water elementals
  8 spriggans
  7 wraiths
  2 air elementals
  54 yaks
  4 wyverns
  A naga simulacrum (Crypt:3)
  A basilisk (shapeshifter) (Depths:2)
  7 fire elementals
  11 basilisks
  4 hogs
  8 golden eyes (Slime:2)
  3 steam dragons
  A wind drake zombie (Crypt:2)
  4 redbacks (Vaults:4)
  4 vampire mosquitoes
  28 nagas
  18 swamp worms
  4 wargs
  2 acid dragons
  13 water moccasins
  A demonspawn skeleton (Crypt:1)
  4 floating eyes
  3 swamp drakes (Swamp:4)
  A sky beast (D:6)
  A human zombie (Vaults:1)
  An ice beast (D:5)
  32 orc warriors
  2 black bears
  A black bear (shapeshifter) (D:13)
  A tengu (shapeshifter) (D:13)
  A boggart (shapeshifter) (Depths:2)
  11 ogres
  A wolf (shapeshifter) (Vaults:5)
  8 wolves
  4 centaurs
  2 phantoms
  10 kobold brigands
  13 necrophages
  9 bullfrogs
  2 glowing shapeshifter simulacra
  3 earth elementals
  26 wights
  7 small abominations
  A human simulacrum (Vaults:1)
  30 killer bees
  2 howler monkeys
  2 electric eels (Lair:2)
  A gnoll bouda (D:7)
  7 hounds
  4 jellies
  22 orc priests
  5 iguanas
  Crazy Yiuf (D:6)
  A sleepcap (D:8)
  18 orc wizards
  An ice beast zombie (Crypt:1)
  A hound skeleton (Crypt:1)
  7 adders
  10 gnolls
  6 river rats
  A steam dragon zombie (Crypt:2)
  A steam dragon skeleton (Crypt:2)
  3 white imps
  An ufetubus (D:4)
  2 worms (Sewer)
  6 dart slugs
  84 orcs
  15 ball pythons
  10 endoplasms
  4 giant cockroaches
  10 goblins
  8 hobgoblins
  6 jackals
  A kobold (shapeshifter) (Vaults:5)
  30 kobolds
  6 quokkas
  2 ball python skeletons (Crypt:1)
  A bat (shapeshifter) (Depths:2)
  4 bats
  2 frilled lizards
  A jackal zombie (Crypt:2)
  9 rats
  A rat skeleton (Crypt:1)
  3 spectral weapons
2394 creatures vanquished.

Vanquished Creatures (collateral kills)
  Margery (Vaults:2)
  2 Orb Guardians (Zot:5)
  A stone giant (Vaults:5)
  An eleionoma (Swamp:3)
  A green draconian (Zot:5)
  2 vault guards (Vaults:5)
  A tengu warrior (D:13)
  A necromancer (Vaults:2)
  A mana viper (Snake:1)
  A black mamba (Snake:1)
  A tyrant leech (Swamp:3)
  A hog (Lair:2)
14 creatures vanquished.

Vanquished Creatures (others)
  A sphinx (Depths:2)
  A vault warden (Vaults:1)
  A draconian scorcher (Zot:3)
  A very ugly thing (Depths:2)
  A ghost crab (Swamp:2)
  A deep elf knight (Elf:3)
  A deep elf pyromancer (Elf:3)
  A wizard (Vaults:2)
  A salamander (Snake:2)
  A bloated husk (Swamp:2)
  A frost giant simulacrum (Depths:2)
  A water elemental (Elf:1)
  2 nagas (Snake:4)
  2 swamp drakes (Swamp:4)
  A glowing shapeshifter simulacrum (Depths:2)
  An orc wizard (Orc:1)
  4 orcs (D:6)
  20 foxfires
42 creatures vanquished.

Grand Total: 2450 creatures vanquished

Notes
Turn   | Place    | Note
-------+----------+-------------------------------------------
     0 | D:1      | Age the Minotaur Fighter began the quest for the Orb.
     0 | D:1      | Reached XP level 1. HP: 19/19 MP: 0/0
   215 | D:1      | Reached XP level 2. HP: 23/26 MP: 1/1
   448 | D:2      | Reached skill level 5 in Shields
   453 | D:2      | Reached XP level 3. HP: 30/31 MP: 2/2
   703 | D:2      | Found a basalt altar of Yredelemnul.
   784 | D:2      | Reached XP level 4. HP: 36/39 MP: 3/3
  1114 | D:3      | Found Qekauk's General Store.
  1172 | D:3      | Found a faded altar of an unknown god.
  1280 | D:3      | Found a glowing drain.
  1298 | Sewer    | Entered a sewer
  1513 | Sewer    | Noticed a kobold brigand
  1527 | Sewer    | Killed a kobold brigand
  1528 | Sewer    | Reached XP level 5. HP: 37/45 MP: 4/4
  1760 | Sewer    | Reached XP level 6. HP: 33/51 MP: 5/5
  2622 | Sewer    | Reached skill level 5 in Throwing
  2622 | Sewer    | Reached XP level 7. HP: 6/57 MP: 6/6
  3570 | D:4      | Found a white marble altar of Elyvilon.
  4021 | D:4      | Found a sparkling altar of Nemelex Xobeh.
  4021 | D:4      | Found a hide-covered altar of Uskayaw.
  4021 | D:4      | Found a shimmering altar of Xom.
  4058 | D:4      | Found an ornate altar of the Wu Jian Council.
  4065 | D:4      | Found a glowing golden altar of the Shining One.
  4069 | D:4      | Found a snail-covered altar of Cheibriados.
  4072 | D:4      | Found an ancient bone altar of Kikubaaqudgha.
  4073 | D:4      | Found a blossoming altar of Fedhas.
  4251 | D:5      | Entered Level 5 of the Dungeon
  4711 | D:5      | Found Vidops's Assorted Antiques.
  4718 | D:5      | Reached XP level 8. HP: 39/64 MP: 7/7
  4804 | D:5      | Found a staircase to the Ecumenical Temple.
  4840 | Temple   | Entered the Ecumenical Temple
  4855 | Temple   | Became a worshipper of Gozag Ym Sagoz the Greedy
  6521 | D:6      | Found a runed translucent door.
  6522 | D:6      | Noticed Crazy Yiuf
  6592 | D:6      | Killed Crazy Yiuf
  6712 | D:6      | HP: 3/64 [something] (2)]
  7071 | D:6      | Reached skill level 10 in Throwing
  7593 | D:6      | Reached XP level 9. HP: 68/70 MP: 8/8
  7829 | D:6      | Found a burning altar of Makhleb.
 10252 | D:7      | Found Tolurgh's Jewellery Shoppe.
 10254 | D:7      | Found Hubronegh's Magic Scroll Shoppe.
 10254 | D:7      | Found Sanohowno's General Store.
 10257 | D:7      | Found Hepn's Distillery.
 10430 | D:7      | Bought the amulet "Humiom" {Spirit +Blink Regen+ Int+3
                  | Stlth+} for 796 gold pieces
 10646 | D:8      | Reached XP level 10. HP: 62/77 MP: 6/9
 12166 | D:9      | Found a runed translucent door.
 12170 | D:9      | Noticed Skeral's ghost (novice OpSh)
 12377 | D:9      | Reached skill level 5 in Fighting
 14107 | D:10     | Entered Level 10 of the Dungeon
 14153 | D:10     | Found a flagged portal.
 14243 | D:10     | Found Jakekud's Magic Scroll Emporium.
 14260 | D:10     | Bought a scroll of silence for 114 gold pieces
 14260 | D:10     | Bought a scroll of fear for 48 gold pieces
 14260 | D:10     | Bought a scroll of identify for 24 gold pieces
 14260 | D:10     | Bought a scroll of identify for 24 gold pieces
 14260 | D:10     | Bought a scroll of identify for 24 gold pieces
 14260 | D:10     | Bought a scroll of identify for 24 gold pieces
 14273 | Bailey   | Entered a bailey
 14345 | Bailey   | Noticed an orc warlord
 14472 | Bailey   | Found a runed translucent gate.
 14474 | Bailey   | Found a runed translucent gate.
 14476 | Bailey   | Found a runed translucent gate.
 14986 | Bailey   | Killed an orc warlord
 14987 | Bailey   | Reached skill level 10 in Fighting
 15086 | Bailey   | Got a moth-eaten book
 15294 | D:7      | Bought a scroll of identify for 22 gold pieces
 15294 | D:7      | Bought a scroll of identify for 22 gold pieces
 15294 | D:7      | Bought a scroll of teleportation for 33 gold pieces
 15346 | D:5      | Bought a scroll labelled BOREZOIMUEJ for 26 gold pieces
 15442 | D:10     | Acquired 573 gold pieces
 15541 | D:10     | Reached XP level 11. HP: 92/101 MP: 7/10
 15574 | D:10     | Found a sacrificial altar of Ru.
 15769 | D:10     | Noticed Joseph
 15782 | D:10     | Killed Joseph
 16862 | D:11     | Noticed a deep elf pyromancer
 16888 | D:11     | Noticed a purple ugly thing
 17079 | D:11     | Got an embossed book
 17146 | D:11     | Found the +18 Lear's hauberk
 17289 | D:11     | Noticed an oklob plant
 17294 | D:11     | Killed an oklob plant
 17309 | D:11     | Found a staircase to the Lair.
 17405 | D:11     | Reached XP level 12. HP: 115/115 MP: 11/11
 17976 | D:12     | Found a transporter.
 17990 | D:12     | Found a transporter.
 18015 | D:12     | Found a transporter.
 18029 | D:12     | Identified the +7 orcbow "Xostien" {drain, Fragile rElec
                  | Int+9 Dex+2}
 18096 | D:12     | Found Xyz Zyq's Weapon Boutique.
 18099 | D:12     | Found a staircase to the Orcish Mines.
 18101 | D:12     | Found Juacu's Armour Boutique.
 18155 | D:12     | Noticed a centaur warrior
 18160 | D:12     | Killed a centaur warrior
 18164 | D:12     | Found a transporter.
 18391 | Lair:1   | Entered Level 1 of the Lair of Beasts
 18513 | Lair:1   | Reached skill level 10 in Evocations
 18758 | D:7      | Bought a scroll of enchant weapon for 82 gold pieces
 18848 | D:10     | Bought a scroll of brand weapon for 114 gold pieces
 19030 | Lair:1   | Reached XP level 13. HP: 66/122 MP: 6/12
 19572 | Lair:1   | Found a glowing golden altar of the Shining One.
 19706 | Lair:2   | Noticed Nergalle
 19734 | Lair:1   | Killed Nergalle
 20057 | Lair:2   | Noticed Urug
 20271 | Lair:2   | Killed Urug
 20272 | Lair:2   | Reached skill level 5 in Armour
 21628 | Lair:2   | Found a staircase to the Snake Pit.
 21821 | Lair:2   | Found a staircase to the Swamp.
 22023 | Lair:3   | Reached skill level 10 in Armour
 22101 | Lair:3   | Noticed Kirke
 22112 | Lair:3   | Noticed a sphinx
 22537 | Lair:3   | Reached XP level 14. HP: 104/129 MP: 8/13
 23776 | Lair:4   | Found a staircase to the Slime Pits.
 24858 | Lair:5   | Entered Level 5 of the Lair of Beasts
 24876 | Lair:5   | Identified the +2 quarterstaff of Compound Interest {flame,
                  | +Blink rCorr Str-4 Int+4}
 25023 | Lair:5   | Reached skill level 15 in Armour
 25652 | Lair:5   | Reached XP level 15. HP: 86/136 MP: 7/14
 26096 | Lair:5   | Noticed Sonja
 26103 | Lair:5   | Killed Sonja
 26546 | Orc:1    | Entered Level 1 of the Orcish Mines
 26663 | Orc:1    | Noticed Snorg
 26683 | Orc:1    | Killed Snorg
 26982 | Orc:2    | Entered Level 2 of the Orcish Mines
 27189 | Orc:2    | Found a staircase to the Elven Halls.
 27593 | Orc:2    | Found Diessy's Magic Scroll Emporium.
 27594 | Orc:2    | Found Emuiz's General Store.
 27787 | Orc:2    | Paralysed by an orc sorcerer for 5 turns
 27830 | Orc:2    | Paralysed by an orc sorcerer for 2 turns
 27875 | Orc:2    | Bought a scroll of enchant weapon for 75 gold pieces
 27875 | Orc:2    | Bought a scroll of enchant weapon for 75 gold pieces
 27875 | Orc:2    | Bought a scroll of identify for 20 gold pieces
 27875 | Orc:2    | Bought a scroll of identify for 20 gold pieces
 27875 | Orc:2    | Bought a scroll of identify for 20 gold pieces
 27875 | Orc:2    | Bought a scroll of identify for 20 gold pieces
 27875 | Orc:2    | Bought a scroll of teleportation for 30 gold pieces
 28089 | Orc:2    | Paralysed by an orc sorcerer for 3 turns
 28674 | Orc:2    | Paralysed by an orc sorcerer for 3 turns
 28828 | Orc:2    | Bought a potion of haste for 110 gold pieces
 28978 | Orc:2    | Gained mutation: You have very sharp teeth. [a neqoxec]
 29585 | Orc:2    | Gained mutation: Your body sometimes deteriorates upon
                  | taking damage. [a neqoxec]
 29601 | Orc:2    | Found Onkumas's Antique Weapon Shop.
 29601 | Orc:2    | Found Oxampyrch's Book Boutique.
 29602 | Orc:2    | Found a one-way gate leading to the halls of Pandemonium.
 29678 | D:13     | Found Urhigiocw's General Store.
 29702 | D:13     | Found Owkai's Book Shop.
 29735 | D:13     | Bought a scroll of enchant weapon for 105 gold pieces
 29839 | D:13     | Found Tadock's Weapon Emporium.
 29865 | D:13     | Noticed Rupert
 29866 | D:13     | Paralysed by Rupert for 2 turns
 29886 | D:13     | Killed Rupert
 30076 | D:13     | Found Itebbe's Antique Weapon Shop.
 30093 | D:13     | Bought an iridescent arbalest for 294 gold pieces
 30093 | D:13     | Identified the +6 arbalest of Deformation {speed, rN++
                  | Int+2} (You bought it in a shop on level 13 of the Dungeon)
 30096 | D:13     | Noticed Lodul
 30192 | D:13     | Found Kimuhe Ycwo's Weapon Shoppe.
 30372 | D:13     | Killed Lodul
 30653 | D:13     | Bought 4 boomerangs for 120 gold pieces
 31147 | D:13     | Found a gate to the Vaults.
 31661 | D:14     | Found an ornate altar of the Wu Jian Council.
 32181 | D:15     | Entered Level 15 of the Dungeon
 32182 | D:15     | Found a gate leading to a gauntlet.
 32201 | Gauntlet | Entered a Gauntlet
 32201 | Gauntlet | Found a transporter.
 32205 | Gauntlet | Found a transporter.
 32206 | Gauntlet | Found a transporter.
 32222 | Gauntlet | Found a transporter.
 32224 | Gauntlet | Found a transporter.
 32234 | Gauntlet | Found a transporter.
 32246 | Gauntlet | Found a runed translucent door.
 32247 | Gauntlet | Found a transporter.
 32248 | Gauntlet | Found a runed translucent door.
 32255 | Gauntlet | Found a transporter.
 32258 | Gauntlet | Found a runed translucent door.
 32271 | Gauntlet | Found a transporter.
 32280 | Gauntlet | Found a transporter.
 32284 | Gauntlet | Found a transporter.
 32284 | Gauntlet | Found a transporter.
 32310 | Gauntlet | Found a transporter.
 32313 | Gauntlet | Found a transporter.
 32667 | D:15     | Found a staircase to the Depths.
 32714 | D:15     | Reached skill level 15 in Fighting
 33133 | D:15     | Reached XP level 16. HP: 145/149 MP: 13/15
 34104 | Snake:1  | Entered Level 1 of the Snake Pit
 34123 | Lair:2   | Bought a shiny crystal plate armour for 2490 gold pieces
 34123 | Lair:2   | Bought a glowing tower shield for 225 gold pieces
 34261 | D:12     | Bought the +3 pair of mountain boots {steadfast, rC+} for
                  | 603 gold pieces
 34261 | D:12     | Found the +3 pair of mountain boots {steadfast, rC+}
 34266 | D:12     | Bought a +0 pair of gloves of infusion for 207 gold pieces
 34599 | Snake:1  | Found a transporter.
 34688 | Lair:2   | Noticed a sphinx
 34701 | Lair:2   | Paralysed by a sphinx for 5 turns
 35058 | Lair:2   | Killed Kirke
 35256 | Snake:1  | Lost mutation: You have very sharp teeth. [potion of
                  | mutation]
 35256 | Snake:1  | Lost mutation: Your body sometimes deteriorates upon taking
                  | damage. [potion of mutation]
 35256 | Snake:1  | Gained mutation: You are clumsy. (Dex -2) [potion of
                  | mutation]
 35256 | Snake:1  | Gained mutation: Your muscles are strong. (Str +4, Int/Dex
                  | -1) [potion of mutation]
 35257 | Snake:1  | Lost mutation: Your muscles are strong. (Str +4, Int/Dex
                  | -1) [potion of mutation]
 35257 | Snake:1  | Lost mutation: You are clumsy. (Dex -2) [potion of
                  | mutation]
 35257 | Snake:1  | Gained mutation: You expend magic power (3 MP) to
                  | strengthen your wands. [potion of mutation]
 35257 | Snake:1  | Gained mutation: You are agile. (Dex +4, Str/Int -1)
                  | [potion of mutation]
 35257 | Snake:1  | Gained mutation: You possess an exceptional clarity of
                  | mind. [potion of mutation]
 35258 | Snake:1  | Lost mutation: You possess an exceptional clarity of mind.
                  | [potion of mutation]
 35258 | Snake:1  | Lost mutation: You expend magic power (3 MP) to strengthen
                  | your wands. [potion of mutation]
 35258 | Snake:1  | Gained mutation: You have sharp toenails. [potion of
                  | mutation]
 35259 | Snake:1  | Lost mutation: You have sharp toenails. [potion of
                  | mutation]
 35259 | Snake:1  | Lost mutation: You are agile. (Dex +4, Str/Int -1) [potion
                  | of mutation]
 35259 | Snake:1  | Gained mutation: Your spells are a little easier to cast,
                  | but a little less powerful. [potion of mutation]
 35259 | Snake:1  | Gained mutation: You possess an exceptional clarity of
                  | mind. [potion of mutation]
 35259 | Snake:1  | Gained mutation: You are partially covered in iridescent
                  | scales. (AC +2) [potion of mutation]
 35259 | Snake:1  | Gained mutation: You have a pair of large horns on your
                  | head. [potion of mutation]
 35260 | Snake:1  | Lost mutation: You possess an exceptional clarity of mind.
                  | [potion of mutation]
 35260 | Snake:1  | Lost mutation: You are partially covered in iridescent
                  | scales. (AC +2) [potion of mutation]
 35260 | Snake:1  | Gained mutation: Your magical capacity is low. (-10% MP)
                  | [potion of mutation]
 35260 | Snake:1  | Gained mutation: You have sharp toenails. [potion of
                  | mutation]
 35261 | Snake:1  | Lost mutation: Your spells are a little easier to cast, but
                  | a little less powerful. [potion of mutation]
 35261 | Snake:1  | Lost mutation: Your magical capacity is low. (-10% MP)
                  | [potion of mutation]
 35261 | Snake:1  | Gained mutation: Your muscles are strong. (Str +4, Int/Dex
                  | -1) [potion of mutation]
 35261 | Snake:1  | Gained mutation: Your flesh is cold resistant. (rC+)
                  | [potion of mutation]
 35987 | Snake:1  | Lost mutation: You have sharp toenails. [potion of
                  | mutation]
 35987 | Snake:1  | Lost mutation: Your muscles are strong. (Str +4, Int/Dex
                  | -1) [potion of mutation]
 35987 | Snake:1  | Gained mutation: You are frail. (-10% HP) [potion of
                  | mutation]
 35987 | Snake:1  | Gained mutation: You passively map a small area around you.
                  | [potion of mutation]
 35988 | Snake:1  | Lost mutation: You have a pair of large horns on your head.
                  | [potion of mutation]
 35988 | Snake:1  | Lost mutation: You passively map a small area around you.
                  | [potion of mutation]
 35988 | Snake:1  | Lost mutation: You are frail. (-10% HP) [potion of
                  | mutation]
 35988 | Snake:1  | Gained mutation: You are dopey. (Int -2) [potion of
                  | mutation]
 36421 | Snake:1  | Found a transporter.
 37556 | Snake:2  | Reached skill level 5 in Axes
 39431 | Snake:3  | Reached skill level 10 in Axes
 39707 | Snake:3  | Reached XP level 17. HP: 107/165 MP: 4/16
 40314 | Snake:4  | Entered Level 4 of the Snake Pit
 41366 | Snake:4  | Found Qeghu's Magic Scroll Shop.
 41368 | Snake:4  | Found Vaotyzy's General Store.
 41370 | Snake:4  | Found Usuobb's Book Shop.
 41374 | Snake:4  | Bought a scroll of teleportation for 45 gold pieces
 41374 | Snake:4  | Bought a scroll of teleportation for 45 gold pieces
 41374 | Snake:4  | Bought a scroll of enchant weapon for 112 gold pieces
 41374 | Snake:4  | Bought a scroll of enchant armour for 112 gold pieces
 41378 | Snake:4  | Bought the ring "Ufoxty" {rPois Will+ Str+4 Dex+2} for 829
                  | gold pieces
 41790 | Snake:4  | Noticed Aizul
 41879 | Snake:4  | Killed Aizul
 43093 | Snake:4  | Reached skill level 15 in Axes
 43801 | Snake:4  | Got a serpentine rune of Zot
 44179 | Swamp:1  | Entered Level 1 of the Swamp
 44414 | Swamp:1  | Found a runed translucent gate.
 44415 | Swamp:1  | Found a runed translucent gate.
 44416 | Swamp:1  | Found a runed translucent gate.
 44422 | Swamp:1  | Noticed javelincjr's ghost (journeyman HuSh)
 44422 | Swamp:1  | Noticed quakins's ghost (journeyman DEHs)
 44423 | Swamp:1  | Noticed knightboat's ghost (journeyman DEHs)
 44728 | Swamp:1  | Killed knightboat's ghost
 44730 | Swamp:1  | Killed javelincjr's ghost
 44782 | Swamp:1  | Killed quakins's ghost
 44798 | Swamp:1  | Identified the ring of Wokkiriu {rPois Will++ Str+6 Int-4
                  | SInv}
 44812 | Swamp:1  | Got an unusual book
 45035 | Swamp:2  | Reached XP level 18. HP: 141/172 MP: 12/17
 45914 | Swamp:3  | Identified the +1 robe of Fedhas's Whim {Regen+ Str+2}
 46055 | Swamp:3  | Identified the +0 pair of gloves of Incorporation {rF+
                  | Dex+2}
 46208 | Swamp:3  | Noticed Mlioglotl
 46229 | Swamp:3  | Killed Mlioglotl
 46677 | Swamp:3  | Noticed Bai Suzhen
 46704 | Swamp:3  | Reached skill level 10 in Shields
 46817 | Swamp:3  | Killed Bai Suzhen
 47068 | Swamp:4  | Entered Level 4 of the Swamp
 48082 | Swamp:4  | Got a decaying rune of Zot
 48216 | Swamp:4  | Found a runed translucent gate.
 48217 | Swamp:4  | Found a runed translucent gate.
 48218 | Swamp:4  | Found a runed translucent gate.
 48232 | Swamp:4  | Noticed Feumiesk's ghost (adept FeEE)
 48245 | Swamp:4  | Killed Feumiesk's ghost
 48249 | Swamp:4  | Identified the +3 demon trident of the Endless March
                  | {freeze, rElec rCorr SInv}
 48768 | Vaults:1 | Entered Level 1 of the Vaults
 49651 | Vaults:1 | Reached skill level 15 in Shields
 50159 | Vaults:1 | Reached XP level 19. HP: 179/179 MP: 15/18
 52794 | Vaults:3 | Noticed Saint Roka
 52941 | Vaults:3 | Killed Saint Roka
 53088 | Vaults:3 | Found Joyl's Armour Emporium.
 53097 | Vaults:3 | Found a staircase to the Crypt.
 53139 | Vaults:3 | Identified the +3 kite shield "Bomyxzoe" {rC+}
 53139 | Vaults:3 | Noticed Donald
 53547 | Vaults:3 | Identified the +1 pair of gloves of Ekyluen {rElec Regen+
                  | Int+3}
 53927 | Vaults:3 | Noticed Margery
 53927 | Vaults:3 | Noticed Xtahua
 54040 | Vaults:2 | Killed Margery
 54362 | Vaults:2 | Killed Xtahua
 54582 | Vaults:3 | Killed Donald
 54949 | Vaults:4 | Reached XP level 20. HP: 188/188 MP: 19/19
 55380 | Vaults:4 | Found a portal to a secret trove of treasure.
 55432 | Vaults:4 | Found Ifappyr's Assorted Antiques.
 55432 | Vaults:4 | Found Tinylutu's Jewellery Shoppe.
 55448 | Vaults:4 | Found Suset's Distillery.
 55456 | Vaults:4 | Bought a potion of curing for 48 gold pieces
 55456 | Vaults:4 | Bought a potion of curing for 48 gold pieces
 55456 | Vaults:4 | Bought 2 potions of ambrosia for 256 gold pieces
 55456 | Vaults:4 | Bought a potion of mutation for 128 gold pieces
 55964 | Vaults:4 | Identified the +2 hand axe of Wyrerada {freeze, Fly Str+4
                  | Int+3}
 56307 | Vaults:5 | Entered Level 5 of the Vaults
 56538 | Vaults:5 | Noticed an ancient lich
 56551 | Vaults:5 | Found Uqibihul's Assorted Antiques.
 56561 | Vaults:5 | Killed an ancient lich
 56576 | Vaults:5 | Got a silver rune of Zot
 56710 | Vaults:5 | Reached XP level 21. HP: 187/209 MP: 16/20
 57195 | Vaults:5 | Identified the +4 orcbow of Anger {speed, rF+ rC++ Str-5}
 57799 | Vaults:5 | Got a resplendent book
 58126 | Vaults:5 | Noticed a shard shrike
 58126 | Vaults:5 | a shard shrike changed into a titan
 58127 | Vaults:5 | a titan changed into a shard shrike
 58127 | Vaults:5 | Noticed a shard shrike (glowing shapeshifter)
 58133 | Vaults:5 | a shard shrike changed into a juggernaut
 58133 | Vaults:5 | Noticed a juggernaut (glowing shapeshifter)
 58137 | Vaults:5 | Killed a juggernaut
 58617 | Elf:1    | Entered Level 1 of the Elven Halls
 58686 | Elf:1    | Found Bofymp's Magic Scroll Boutique.
 58777 | Elf:1    | Bought a scroll of fear for 64 gold pieces
 58777 | Elf:1    | Bought a scroll of fear for 64 gold pieces
 58777 | Elf:1    | Bought 3 scrolls of teleportation for 144 gold pieces
 59003 | Elf:1    | Found Zocutt's Tiny Tomes.
 59043 | Elf:1    | Found a radiant altar of Vehumet.
 59052 | Elf:1    | Identified the ring "Xojetiwk" {Ice Contam Will- Str+3
                  | Dex+8}
 59052 | Elf:1    | Noticed avis's ghost (journeyman FeSh)
 59060 | Elf:1    | Paralysed by a floating eye for 4 turns
 59088 | Elf:1    | Found a transporter.
 59112 | Elf:1    | Found a transporter.
 59134 | Elf:1    | Found a one-way gate to the infinite horrors of the Abyss.
 59724 | Elf:2    | Found a runed translucent gate.
 59725 | Elf:2    | Found a runed translucent gate.
 59725 | Elf:2    | Found a runed translucent gate.
 59756 | Elf:2    | Noticed Agnes
 59762 | Elf:2    | Killed Agnes
 59798 | Elf:2    | Reached XP level 22. HP: 229/229 MP: 21/21
 59936 | Elf:2    | Noticed Asterion
 59949 | Elf:2    | Killed Asterion
 60281 | Elf:2    | Reached skill level 27 in Fighting
 60376 | Elf:3    | Entered Level 3 of the Elven Halls
 60393 | Elf:3    | Reached skill level 1 in Dodging
 60539 | Elf:3    | Identified the +7 quarterstaff "Joficath" {heavy, +Blink
                  | rPois}
 60543 | Elf:3    | Reached skill level 5 in Dodging
 61615 | Elf:3    | Identified the +3 dagger of Yredelemnul's Reproof
                  | {antimagic, *Noise rElec rF+ Will+}
 61622 | Elf:3    | Identified the amulet "Ojejiu Wele" {RegenMP Harm rC+}
 61624 | Elf:3    | Got a murmuring book
 61628 | Elf:3    | Identified the scarf "Seonk" {rC+ rF+, Harm}
 61771 | Elf:3    | Identified the scarf "Goaran" {+Inv, Str+7 Int+3}
 62125 | Crypt:1  | Entered Level 1 of the Crypt
 62125 | Crypt:1  | Noticed Vv
 62143 | Vaults:3 | Killed Vv
 62144 | Vaults:3 | Reached skill level 10 in Dodging
 62718 | Crypt:1  | Found a runed translucent door.
 62722 | Crypt:1  | Noticed Pakoimuu's ghost (veteran FoFi)
 63422 | Crypt:1  | Killed Pakoimuu's ghost
 63929 | Crypt:2  | Reached XP level 23. HP: 234/240 MP: 22/22
 64288 | Crypt:2  | Reached skill level 15 in Dodging
 64466 | Crypt:2  | Got a colourful book
 64513 | Crypt:3  | Entered Level 3 of the Crypt
 64647 | Crypt:3  | Found an ancient bone altar of Kikubaaqudgha.
 64851 | Crypt:3  | Identified the staff of Action {rPois Dex+6 Poison}
 65001 | Crypt:3  | Acquired 721 gold pieces
 65011 | Crypt:3  | Got a quavering book
 65191 | Crypt:3  | Found a staircase to the Tomb.
 65191 | Crypt:3  | Noticed Khufu
 65191 | Crypt:3  | Identified the ring "Moegiecu" {rElec rC- rN+ Will+++}
 65456 | Crypt:3  | Killed Khufu
 65495 | Crypt:3  | Identified the ring of Disaster {Fly rN+ Dex+4}
 65571 | Crypt:3  | Got an embossed book
 65689 | Crypt:3  | Got a sparkling book
 66303 | Depths:1 | Entered Level 1 of the Depths
 66711 | Depths:1 | Bought a scroll of silence for 142 gold pieces
 66711 | Depths:1 | Bought a scroll of summoning for 142 gold pieces
 66711 | Depths:1 | Bought a scroll of teleportation for 45 gold pieces
 66711 | Depths:1 | Bought a scroll of fear for 60 gold pieces
 66711 | Depths:1 | Bought a scroll of fog for 60 gold pieces
 66746 | Depths:1 | Found a burning altar of Makhleb.
 66758 | Depths:1 | Found a glowing golden altar of the Shining One.
 67053 | Depths:1 | Found a radiant altar of Vehumet.
 67063 | Depths:1 | Reached XP level 24. HP: 249/249 MP: 22/22
 67121 | Depths:1 | Found a gateway to Hell.
 67468 | Depths:2 | Reached XP level 25. HP: 257/257 MP: 22/22
 67682 | Depths:2 | Identified the ring of Ifiusori {Ice Dex+6}
 67682 | Depths:2 | Noticed Josephina
 67699 | Depths:2 | Killed Josephina
 68175 | Depths:2 | Paralysed by a floating eye for 2 turns
 68270 | Depths:2 | Identified the ring of Xom's Amusement {Wiz rF- Str+5
                  | Slay+2}
 68573 | Depths:2 | Noticed a juggernaut
 68579 | Depths:2 | Killed a juggernaut
 68629 | Depths:2 | Found a one-way gateway to a ziggurat.
 68630 | Depths:2 | Found the sphere of Battle
 68635 | Depths:2 | Identified the +7 longbow of the Mashing Gods {drain, rN++}
 68635 | Depths:2 | Found the ring of the Octopus King {rCorr HP+2 AC+2 EV+2
                  | SH+2}
 68654 | Depths:2 | Identified the ring of Cysox {*Corrode rPois rN+ Str+3}
 68731 | Depths:2 | Noticed a juggernaut
 68757 | Depths:2 | Identified the staff "Qulyfaff" {rPois rF- Str+5 Poison}
 68760 | Depths:2 | Killed a juggernaut
 68852 | Depths:2 | Identified the amulet "Ydydwah" {Spirit Harm Stlth+}
 69016 | Depths:3 | Paralysed by a floating eye for 4 turns
 69076 | Depths:3 | Found an ancient bone altar of Kikubaaqudgha.
 69293 | Depths:3 | Found the +8 storm bow {elec, penet}
 69380 | Depths:3 | Noticed Louise
 69387 | Depths:3 | Killed Louise
 69822 | Depths:4 | Entered Level 4 of the Depths
 69957 | Depths:4 | Found a gate to the Realm of Zot.
 69985 | Depths:4 | Reached XP level 26. HP: 255/266 MP: 21/22
 70308 | Depths:4 | Identified the staff "Ciuqovu" {rElec rF+ rC+ Air}
 70528 | Depths:4 | Found Osma Nije's Self-Improvement Boutique.
 70643 | Depths:4 | Found Qupsoe's Jewellery Boutique.
 70643 | Depths:4 | Found Pykhloc's Book Shoppe.
 70644 | Depths:4 | Found Ridos's Book Shoppe.
 71211 | Slime:1  | Entered Level 1 of the Pits of Slime
 73216 | Slime:5  | Entered Level 5 of the Pits of Slime
 73216 | Slime:5  | Found the +3 greatsling "Punk" {acid, rCorr}
 73224 | Slime:5  | Gained mutation: You sometimes lose your temper in combat.
                  | [a shining eye]
 73539 | Slime:5  | Noticed the Royal Jelly
 73544 | Slime:5  | Killed the Royal Jelly
 73555 | Slime:5  | Gained mutation: You are robust. (+10% HP) [a shining eye]
 74434 | Slime:5  | Identified the +5 shortbow of Defilement {heavy, Str+4}
 74435 | Slime:5  | Identified the +0 robe of Bajeuteq {rN+}
 74438 | Slime:5  | Got a slimy rune of Zot
 74453 | Slime:5  | Identified the +9 flail of the Forging Gods {flame, Fragile
                  | rCorr Int-5 Dex+8}
 75117 | Zot:1    | Entered Level 1 of the Realm of Zot
 75839 | Zot:1    | Reached skill level 27 in Dodging
 77400 | Zot:3    | Found the +4 dragonskin cloak
 77400 | Zot:3    | Noticed Tiamat
 77408 | Zot:3    | Reached XP level 27. HP: 300/300 MP: 22/22
 77434 | Zot:3    | Killed Tiamat
 78357 | Zot:4    | Identified the +5 fire dragon scales "Peusim" {rF++ rC-
                  | Str+2 Stlth+}
 79070 | Zot:5    | Entered Level 5 of the Realm of Zot
 79293 | Zot:5    | Identified the +5 glaive of Awkwardness {drain, MP+9 Dex+5}
 79475 | Zot:5    | Identified the +0 hand axe "Qenlazo" {flame, rF++ rN++
                  | Int-3}
 79566 | Zot:5    | Noticed a dread lich
 79571 | Zot:5    | Killed a dread lich
 79612 | Zot:5    | Paralysed by a Zot trap for 2 turns
 79617 | Zot:5    | Noticed an ancient lich
 79618 | Zot:5    | Noticed an orb of fire
 79619 | Zot:5    | Noticed a dread lich
 79623 | Zot:5    | Noticed an ancient lich
 79623 | Zot:5    | Gained mutation: You have an uncontrollable temper. [an orb
                  | of fire]
 79624 | Zot:5    | Noticed a dread lich
 79624 | Zot:5    | Noticed an ancient lich
 79624 | Zot:5    | Noticed an ancient lich
 79632 | Zot:5    | Reached skill level 27 in Armour
 79641 | Zot:5    | HP: 14/301 [Hell Sentinel/iron shot[a dread lich] (25)]
 79648 | Zot:5    | HP: 8/301 [orb of fire/bolt of fire (47)]
 79649 | Zot:5    | Killed from afar by an orb of fire

Illustrated notes

Levels and vault maps discovered:
D:1:      wander_arrival_peaceful_grave, layout_basic, minmay_statues_item,
          minmay_misc_feat_square
D:2:      layout_rooms, basic_altar
D:3:      minmay_angry_zag, layout_basic, serial_shops, nicolae_shop_stone,
          chequers_ecumenical_altar_simple_redux, portal_sewer_entry_a,
          kennysheep_cross_room, columned_hall_lemuel, st_stairs_6,
          kennysheep_big_empty_room, nicolae_figureground_sparkle
D:4:      layout_layer_cave, old_standard_altar,
          nicolae_overflow_hallway_of_the_gods
D:5:      layout_basic, minmay_temple_entry_tees, serial_shops, shop
D:6:      layout_basic, makhleb_blood_cavern_becter, serial_curves,
          eino_curves_03, eino_curves_01, eino_curves_03, eino_curves_03,
          uniq_crazy_yiuf_cottage
D:7:      layout_basic, minmay_shop_grid_forest
D:8:      layout_layer_cave, minmay_misc_feat_enclosed, lightli_orcish_oven
D:9:      layout_cave_pods, ebering_ghost_reflecting_pool, roderic_lattice_a,
          serial_park_tiny_1
D:10:     layout_long_grid, lemuel_crystal_altar, serial_shops, shop,
          enter_bailey_2, uniq_joseph
D:11:     layout_irregular_city, dpeg_oklobed_lair
D:12:     layout_big_octagon, orc_david_3, nicolae_transporter_intersection
D:13:     layout_roguey, david_vaults_2, serial_glass, glass_columns_a,
          glass_columns_b, serial_shops, nicolae_inconvenience_store,
          nicolae_take_the_stairs, shop, shop, shop, uniq_rupert, uniq_lodul
D:14:     layout_irregular_city, nicolae_wu_jian_wuxing_cycle
D:15:     gammafunk_depths_entry_grave, layout_loops_ring, special_room
          [special_room_bee], gauntlet_entry_generic
Temple:   jpeg_temple_clearing
Lair:1:   layout_gridlike, basic_altar
Lair:2:   layout_gridlike, nicolae_swamp_entry_splash_gauntlet,
          nicolae_snake_entry_squirm, grunt_megastairs_2, uniq_nergalle,
          uniq_urug
Lair:3:   layout_cave_pods, uniq_kirke
Lair:4:   layout_gridlike, slime_entry_1, chequers_serial_rivers_small_a
Lair:5:   evilmike_catoblepas_cave, layout_hall_layers, st_stairs_4, uniq_sonja
Swamp:1:  layout_basic_swamp, gammafunk_ghost_cemetery, nicolae_swamp_bean_lake,
          infiniplex_staircase_pool_2
Swamp:2:  layout_basic_swamp, nicolae_swamp_long_stream, swamp_pool1
Swamp:3:  layout_basic_swamp, serial_swamp_ruin, evilmike_swamp_ruin_wall,
          evilmike_swamp_ruin_house_4, swamp_pool4, uniq_mlioglotl,
          uniq_bai_suzhen
Swamp:4:  swamp_alternative, layout_basic_swamp, ebering_ghost_rock_garden,
          swamp_pool3, nicolae_swamp_feature_on_the_river_bank
Snake:1:  gammafunk_the_bubble [the_bubble_gammafunk_split],
          layout_onion_interference
Snake:2:  layout_cave_pods, drop_trap
Snake:3:  layout_concentric_octagons, hangedman_snake_pattern, drop_trap
Snake:4:  snake_pit_salamanders_mu, layout_cave_pods, minmay_shop_star,
          uniq_aizul
Slime:1:  layout_caves
Slime:2:  layout_caves
Slime:3:  layout_caves, nicolae_slime_getting_an_eyeful
Slime:4:  layout_caves
Slime:5:  slime_pit_nicolae_jellycorners
Orc:1:    layout_caves, basic_altar, uniq_snorg
Orc:2:    pf_orc_diabolical, layout_caves, basic_altar,
          dreamdust_deal_with_the_devil
Elf:1:    elf_arrival_002, layout_loops_ring, gammafunk_ghost_abyssal_escape,
          serial_shops, nicolae_diamond_shop, basic_altar, drop_trap,
          nicolae_shop_i_like_small_books_too, st_stairs_4, onia_ninara_cookie
Elf:2:    nicolae_elf_blades_crystal_corner, layout_geoelf_octagon, uniq_agnes,
          uniq_asterion
Elf:3:    minmay_elf_hall_not_hex, layout_rooms
Vaults:1: nicolae_vaults_corpse_flower, vaults_dpeg_emergency_exit,
          nicolae_vaults_sightless_eye, nicolae_vaults_double_plus_1,
          nicolae_vaults_six-pack, nicolae_vaults_wine_cellar,
          vaults_room_grunt_arrival_ludios, v_misc_9, nicolae_vaults_tangram_2,
          nicolae_vaults_doubleplus_tesselated, nicolae_vaults_swerve,
          grunt_vaults_hallway_short, layout_vaults_ring
Vaults:2: nicolae_vaults_offset_grid_hallway_3,
          nicolae_vaults_storage_closets_1, nicolae_vaults_cochlea, v_misc_25,
          nicolae_vaults_storage_room_water, layout_vaults_omnigrid
Vaults:3: nicolae_vaults_frosty_reception, nicolae_vaults_storage_closets_3,
          nicolae_vaults_off_center_swirl, v_misc_22,
          nicolae_vaults_taking_the_gang_shopping,
          minmay_crypt_entry_simple_sparse, nicolae_vaults_network_s,
          nicolae_vaults_closet_pinwheel_1, vaults_mumra_hex,
          nicolae_vaults_ring_of_whatevers, vaults_room_ringed_pool,
          nicolae_vaults_tetromino_L_1, ontoclasm_vaults_idyll,
          nicolae_vaults_layer_cake_slice, layout_vaults_omnicross,
          uniq_margery, uniq_donald, uniq_xtahua, uniq_saint_roka
Vaults:4: vaults_standard_mumra_x, vaults_room_hallway,
          nicolae_vaults_shrinking_rooms_1, nicolae_vaults_surprise_closet,
          vaults_room_door_ring, hangedman_vaults_stream,
          hangedman_vaults_capsules, hangedman_vaults_hard_town_square,
          vaults_room_semicircle, nicolae_vaults_trapezoid_2,
          nicolae_vaults_yaktaur_gun_rack, nicolae_vaults_specimen_jars,
          layout_vaults_chaotic_city, enter_trove_0
Vaults:5: serial_shops
Crypt:1:  layout_catacombs, ebering_ghost_reflecting_pool,
          serial_sigils_hangedman_confine, grunt_megastairs_5, uniq_vv
Crypt:2:  layout_rooms, special_room [special_room_morgue]
Crypt:3:  grunt_crypt_end_deaths_head
Depths:1: layout_cave_pools, pf_coc_iceberg, nicolae_vehumet_radiance,
          nzn_life_drinkers
Depths:2: box_level_dp, pan_entry, hell_entry, uniq_josephina
Depths:3: minmay_shoctagon, layout_cave_pools,
          nicolae_abyss_entry_one_way_or_another,
          nicolae_kikubaaqudgha_miasma_corner, grunt_hell_horde,
          infiniplex_staircase_pool_1
Depths:4: grunt_zot_entry_funnels, layout_gridlike, hell_entry,
          nicolae_shop_self_help, minmay_shop_grove
Zot:1:    layout_concentric_octagons
Zot:2:    layout_misc_corridors
Zot:3:    layout_onion, grunt_ministairs_12, uniq_tiamat
Zot:4:    layout_gridlike, grunt_megastairs_3
Zot:5:    layout_twisted_circle, grunt_ministairs_9

Skill      XL: |  1  2  3  4  5  6  7  8  9 10 11 12 13 14 15 16 17 18 19 20 21 22 23 24 25 26 27 |
---------------+----------------------------------------------------------------------------------+-----
Shields        | 4 5 6 7 15 21 | 21.6
Throwing       | 2 5 7 10 13 14 | 14.4
Fighting       | 10 13 15 18 22 26 27 | 27.0
Evocations     | 7 10 12 | 12.4
Armour         | 11 17 20 24 27 | 27.0
Axes           | 10 17 18 | 18.0
Dodging        | 13 19 20 24 27 | 27.0

Action                     |  1- 3 |  4- 6 |  7- 9 | 10-12 | 13-15 | 16-18 | 19-21 | 22-24 | 25-27 || total
---------------------------+-------+-------+-------+-------+-------+-------+-------+-------+-------++-------
  Melee: War axe           |    76 |   155 |   373 |   452 |       |       |       |       |       ||  1056
         Headbutt          |     6 |    10 |    52 |   110 |   229 |   173 |   196 |   211 |   278 ||  1265
         Broad axe         |       |       |       |     9 |   982 |   952 |   819 |   911 |   935 ||  4608
         Unarmed           |       |       |       |       |     1 |     5 |       |       |       ||     6
         Bite              |       |       |       |       |    44 |    14 |       |       |       ||    58
  Throw: Dart              |       |       |     4 |    26 |    35 |     2 |     5 |     1 |       ||    73
         Boomerang         |       |       |    34 |    33 |    83 |   379 |    96 |    33 |    18 ||   676
         Stone             |       |       |    65 |    13 |       |       |       |       |       ||    78
         Javelin           |       |       |       |       |       |     2 |    20 |     9 |     7 ||    38
 Invoke: Potion Petition   |       |       |       |       |     3 |     2 |     9 |     1 |     2 ||    17
         Call Merchant     |       |       |       |       |     1 |     1 |       |     2 |       ||     4
Ability: Evoke Blink       |       |       |       |     4 |     4 |     3 |     4 |       |       ||    15
  Evoke: Wand              |       |       |       |       |    13 |     4 |       |       |       ||    17
         Phantom mirror    |       |       |       |       |     1 |     3 |     2 |       |     1 ||     7
    Use: Potion            |       |       |     2 |     4 |     6 |    20 |    13 |     1 |     6 ||    52
         Scroll            |       |       |       |    27 |    16 |    23 |     9 |     7 |     8 ||    90
   Stab: Distracted        |       |       |     1 |       |     5 |     5 |     4 |     7 |     7 ||    29
         Fleeing           |       |       |       |       |       |       |       |     1 |       ||     1
 Armour: Scale mail        |    52 |   111 |   350 |     6 |       |       |       |       |       ||   519
         Plate armour      |       |       |       |   460 |       |       |       |       |       ||   460
         Chain mail        |       |       |       |   216 |  2238 |   131 |       |       |       ||  2585
         Skin              |       |       |       |       |    35 |     5 |       |       |       ||    40
         Crystal plate arm |       |       |       |       |       |  1623 |   819 |   547 |   719 ||  3708
  Dodge: Dodged            |    54 |    52 |   190 |   241 |  1498 |   620 |   155 |   259 |   482 ||  3551
  Block: Buckler           |    17 |    34 |   119 |   203 |   592 |    67 |       |       |       ||  1032
         Tower shield      |       |       |       |       |       |  1161 |   918 |   897 |   991 ||  3967
         Reflection        |       |       |       |       |       |    62 |   138 |    41 |    18 ||   259

Table legend: (Time is in decaauts)
 A = Elapsed time spent in this place.
 B = Non-inter-level travel time spent in this place.
 C = Inter-level travel time spent in this place.
 D = Time resting spent in this place.
 E = Time spent auto-exploring this place.
 F = Levels seen in this place.
 G = Mean time per level.
                   A        B        C        D        E       F      G
               +--------+--------+--------+--------+--------+-----+--------+
         Total |  82526 |  72778 |   9748 |  14540 |  40663 |  59 | 1398.7 |
       Dungeon |  22123 |  18491 |   3632 |   3747 |  10917 |  15 | 1474.9 |
        Temple |     30 |      2 |     28 |      0 |      0 |   1 |   30.0 |
          Lair |   9658 |   7908 |   1750 |   1504 |   3993 |   5 | 1931.6 |
         Swamp |   4767 |   4500 |    267 |    751 |   2854 |   4 | 1191.8 |
     Snake Pit |   9529 |   8312 |   1217 |   3105 |   3216 |   4 | 2382.2 |
    Slime Pits |   3031 |   2811 |    220 |    756 |   1594 |   5 |  606.2 |
  Orcish Mines |   3412 |   3174 |    238 |   1170 |   1154 |   2 | 1706.0 |
   Elven Halls |   3312 |   3026 |    286 |    373 |   1678 |   3 | 1104.0 |
        Vaults |  10185 |   8825 |   1360 |    904 |   5892 |   5 | 2037.0 |
         Crypt |   4000 |   3751 |    249 |    451 |   2299 |   3 | 1333.3 |
        Depths |   4645 |   4346 |    299 |     90 |   3093 |   4 | 1161.2 |
           Zot |   4621 |   4422 |    199 |    386 |   3325 |   5 |  924.2 |
         Sewer |   1897 |   1897 |      0 |    961 |    576 |   1 | 1897.0 |
        Bailey |    931 |    931 |      0 |    335 |     70 |   1 |  931.0 |
      Gauntlet |    377 |    377 |      0 |      3 |      0 |   1 |  377.0 |
               +--------+--------+--------+--------+--------+-----+--------+

Top non-repeatable levels by time:
 Snake:4: 3344 daAuts
  Lair:2: 2983 daAuts
Vaults:2: 2380 daAuts
Vaults:1: 2339 daAuts
     D:6: 2235 daAuts
  Lair:1: 2173 daAuts
 Snake:2: 2171 daAuts
 Snake:1: 2153 daAuts
    D:13: 2153 daAuts
   Orc:2: 2145 daAuts
     D:7: 2024 daAuts
Vaults:3: 2015 daAuts
Vaults:5: 1995 daAuts
     D:8: 1987 daAuts
   Sewer: 1897 daAuts
